 Dungeon Crawl Stone Soup version 0.29.1-2-gbd0b4ee654 (webtiles) character file.

Game seed: 12276292621939491352

56 xian the Magician (level 3, -6/24 HPs)
             Began as a Demonspawn Hedge Wizard on Nov 28, 2022.
             Mangled by Natasha (8 damage)
             ... on level 3 of the Dungeon.
             The game lasted 00:03:58 (1694 turns).

xian the Magician (Demonspawn Hedge Wizard)         Turns: 1694, Time: 00:03:59

Health: -6/24      AC:  5    Str: 12    XL:     3   Next: 71%
Magic:  8/8        EV: 11    Int: 15    God:
Gold:   76         SH:  0    Dex: 12    Spells: 6/9 levels left

rFire   . . .      SeeInvis .   a - +0 dagger
rCold   . . .      Faith    .   (no shield)
rNeg    . . .      Spirit   .   e - +0 leather armour
rPois   .          Reflect  .   f - +1 helmet
rElec   .          Harm     .   (no cloak)
rCorr   .          Rampage  .   (no gloves)
Will    .....                   (no boots)
Stlth   ++........              (no amulet)
HPRegen 0.08/turn               (no ring)
MPRegen 0.11/turn               (no ring)

@: no status effects
A: foul stench 1, spiny 1
a: no special abilities


You were on level 3 of the Dungeon.
You visited 1 branch of the dungeon, and saw 3 of its levels.

You collected 76 gold pieces.

Inventory:

Hand Weapons
 a - a +0 dagger (weapon)
Armour
 e - a +0 leather armour (worn)
 f - a +1 helmet (worn)
Scrolls
 c - a scroll of vulnerability {unknown}
 g - a scroll of poison {unknown}
 j - a scroll of teleportation {unknown}
Potions
 b - a potion of lignification {unknown}
 d - a potion of magic
 h - a potion of heal wounds {unknown}
 i - 2 potions of haste {unknown}


   Skills:
 + Level 0.4 Short Blades
 + Level 0.2 Armour
 + Level 2.1 Dodging
 + Level 2.0 Stealth
 + Level 3.8 Spellcasting
 * Level 1.5 Conjurations
 + Level 1.0 Summonings
 + Level 0.8 Translocations


You had 6 spell levels left.
You knew the following spells:

 Your Spells              Type           Power      Damage    Failure   Level
a - Magic Dart            Conj           28%        1d4       12%         1
b - Call Imp              Summ           5%         N/A       24%         2

Your spell library contained the following spells:

 Spells                   Type           Power      Damage    Failure   Level
 Slow                     Hex            8%         N/A       24%         1
 Blink                    Tloc           10%        N/A       26%         2
 Conjure Flame            Conj/Fire      5%         6-21      45%         3
 Mephitic Cloud           Conj/Pois/Air  4%         N/A       50%         3


Dungeon Overview and Level Annotations

Branches:
Dungeon (3/15)

Altars:

Annotations:
D:2 Sigmund
D:3 Natasha


Innate Abilities, Weirdness & Mutations

You may rarely emit foul miasma when damaged in melee.
You are partially covered in sharp spines.


Message History

Sigmund the Dreaded comes into view.
He is wielding a +0 scythe.
A goblin comes into view. It is wielding a +0 club.
Sigmund shouts!
Sigmund casts a spell at you. The puff of flame misses you.
Casting: Magic Dart (safe; 12% risk of failure)
Confirm with . or Enter, or press ? or * to list all spells.
The spell is quite dangerous to miscast (24% risk of failure)!
Continue anyway?
A beastly little devil appears in a puff of flame.
Unknown command.
Unknown command.
Sigmund casts a spell.
Sigmund flickers and vanishes!
Deactivating autopickup; reactivate with Ctrl-A.
Casting: Call Imp (quite dangerous; 24% risk of failure)
Confirm with . or Enter, or press ? or * to list all spells.
You don't know that spell.
Your crimson imp blinks!
Something hits you but does no damage.
You miss something.
Your crimson imp disappears in a puff of smoke!
Something hits you.
Unknown command.
The goblin attacks as you move away! The goblin barely misses you.
Something hits you but does no damage. Something hits you.
You barely miss the goblin. The goblin hits you with a +0 club.
There is a stone staircase leading down here.
The goblin is struck by your spines. The goblin hits you but does no damage.
Something hits you!
* * * LOW HITPOINT WARNING * * *
You climb downwards.
Reactivating autopickup.
There is a stone staircase leading up here.
The helpless Natasha fails to defend herself.
You puncture Natasha!
Natasha is heavily wounded.
The goblin is struck by your spines. The goblin hits you with a +0 club.
* * * LOW HITPOINT WARNING * * *
Natasha is struck by your spines. Natasha claws you!
You die...

#.........#
#.....o...#
#.........#
#.........#
#.........#
#.........#
##....hg...#
.......@...#
##.........#
#.........#
#.........#
###########


You could see Natasha, an orc (asleep) and a goblin.

Vanquished Creatures
  An adder (D:2)
  A worm (D:2)
  2 ball pythons
  4 endoplasms
  6 giant cockroaches
  3 goblins
  3 hobgoblins
  4 jackals (D:1)
  A quokka (D:1)
  A bat (D:1)
  5 frilled lizards
  5 kobolds
  3 rats
39 creatures vanquished.

Notes
Turn   | Place    | Note
-------+----------+-------------------------------------------
     0 | D:1      | xian the Demonspawn Hedge Wizard began the quest for the
                  | Orb.
     0 | D:1      | Reached XP level 1. HP: 13/13 MP: 4/4
   248 | D:1      | Gained mutation: You are partially covered in sharp spines.
                  | [demonic ancestry]
   248 | D:1      | Reached XP level 2. HP: 15/19 MP: 0/6
   859 | D:1      | Gained mutation: You may rarely emit foul miasma when
                  | damaged in melee. [demonic ancestry]
   859 | D:1      | Reached XP level 3. HP: 23/24 MP: 2/8
  1359 | D:2      | Learned a level 2 spell: Call Imp
  1668 | D:2      | Noticed Sigmund
  1693 | D:3      | Noticed Natasha
  1694 | D:3      | Mangled by Natasha

Illustrated notes

Levels and vault maps discovered:
D:1:      dpeg_arrival_radiant, layout_rooms
D:2:      layout_basic, hellmonk_ecumenical_altar_inner_sanctum, uniq_sigmund
D:3:      layout_basic, uniq_natasha

Skill      XL: |  1  2  3 |
---------------+----------+-----
Dodging        | 2 |  2.1
Stealth        | 2 |  2.0
Short Blades   | |  0.4
Armour         | |  0.2
Spellcasting   | |  3.8
Conjurations   | |  1.5
Summonings     | |  1.0
Translocations | |  0.8

Action                   || total
-------------------------++-------
Melee: Dagger            ||    61
       Punch             ||     1
 Cast: Magic Dart        ||    53
       Call Imp          ||     1
 Stab: Sleeping          ||     1
Armor: Robe              ||     6
       Leather armour    ||    16
Dodge: Dodged            ||    36
